 Dungeon Crawl Stone Soup version 0.19-a0-1672-g679cadd (webtiles) character file.

21252 Ankalagon the Cruncher (level 12, -11/70 HPs)
             Began as a Tengu Skald on Sept 22, 2016.
             Was a High Priest of Okawaru.
             Hit by a javelin thrown by Urug (19 damage)
             ... on level 4 of the Lair of Beasts.
             The game lasted 00:49:13 (17248 turns).

Ankalagon the Cruncher (Tengu Skald)               Turns: 17248, Time: 00:49:14

Health: -11/70     AC: 13    Str: 13    XL:     12   Next: 88%
Magic:  16/16      EV: 15    Int: 13    God:    Okawaru [*****.]
Gold:   448        SH:  0    Dex: 18    Spells: 4 memorised, 7 levels left

rFire  . . .     SeeInvis +     a - +3 lajatang
rCold  . . .     Gourm    .     n - +1 ring mail {rPois}
rNeg   . . .     Faith    .     (shield currently unavailable)
rPois  +         Spirit   .     (helmet restricted)
rElec  .         Dismiss  .     i - +2 cloak
rCorr  .         Reflect  .     (no gloves)
MR     .....     Harm     .     (boots unavailable)
Stlth  +.........               (no amulet)
                                g - +3 ring of protection
                                l - ring of see invisible

@: flying quickly and evasively, heavily drained, quick
A: beak, talons 3, able to fly 1
a: Heroism, Finesse, Renounce Religion


You were on level 4 of the Lair of Beasts.
You worshipped Okawaru.
Okawaru was extremely pleased with you.
You were not hungry.

You visited 3 branches of the dungeon, and saw 15 of its levels.
You also visited: Ice Cave.

You collected 703 gold pieces.
You spent 255 gold pieces at shops.

Inventory:

Hand Weapons
 a - a +3 lajatang (weapon)
 b - a +1 arbalest of freezing {god gift}
 h - the +9 staff of Olgreb {rPois}
   (You found it on level 8 of the Dungeon)

   It protects you from poison.
Missiles
 f - 12 tomahawks (quivered)
 u - 206 bolts
 x - 16 poisoned needles
 y - 2 throwing nets
Armour
 i - a +2 cloak (worn)
 n - a +1 ring mail of poison resistance (worn)
 B - a +2 leather armour of cold resistance
Jewellery
 g - a +3 ring of protection (right hand)
 l - a ring of see invisible (left hand)
Wands
 e - a wand of digging (16/24)
 t - a wand of confusion (34/48)
 w - a wand of flame (0/48)
 z - a wand of disintegration (13/24)
 C - a wand of paralysis (6/24)
 D - a wand of enslavement (14/24)
 G - a wand of acid (8/15)
 P - a wand of lightning (10/15)
Scrolls
 s - 3 scrolls of remove curse
 K - a scroll of teleportation
 M - a scroll of fog
 N - 2 scrolls of enchant weapon
 Q - a scroll of recharging
Potions
 j - a potion of cure mutation
 k - a potion of haste
 p - 2 potions of brilliance {unknown}
 q - 3 potions of flight
 r - 2 potions of degeneration
 v - 3 potions of resistance
 A - 3 potions of curing
 E - 3 potions of magic {unknown}
 F - a potion of heal wounds
 H - a potion of cancellation {unknown}
 L - a potion of might {unknown}
Books
 c - a book of Battle

   Spells                             Type                      Level
   a - Infusion                       Charms                       1
   b - Shroud of Golubria             Charms/Translocation         2
   c - Song of Slaying                Charms                       2
   d - Spectral Weapon                Hexes/Charms                 3
   e - Regeneration                   Charms/Necromancy            3
Comestibles
 d - 5 bread rations
 m - 4 meat rations
 o - 7 fruits
 I - a slice of pizza
 J - a beef jerky


   Skills:
 - Level 6.2(4.8) Fighting
   Level 6.4(9.7) Polearms
 + Level 14.2(12.9) Staves
 - Level 9.6(8.1) Crossbows
 - Level 8.0(6.5) Armour
 - Level 5.0(3.7) Dodging
 - Level 2.0(0.7) Spellcasting
 - Level 2.4(1.1) Charms
 - Level 4.4(3.1) Invocations
 - Level 4.4(3.1) Evocations


You had 7 spell levels left.
You knew the following spells:

 Your Spells              Type           Power        Failure   Level  Hunger
a - Song of Slaying       Chrm           #.......     63%         2    ###....
b - Shroud of Golubria    Chrm/Tloc      #.........   75%         2    ###....
c - Regeneration          Chrm/Necr      #.........   97%         3    ####...
e - Infusion              Chrm           #...         38%         1    ##.....


Dungeon Overview and Level Annotations

Branches:
Dungeon (10/15)            Temple (1/1) D:6            Lair (4/6) D:8
  Swamp (0/4) Lair:3       Spider (0/4) Lair:4
    Orc: D:9-12

Altars:
Ashenzari
Cheibriados
Fedhas
Kikubaaqudgha
Makhleb
Nemelex Xobeh
Okawaru
Qazlal
Sif Muna
Trog
Uskayaw
Xom
Yredelemnul

Shops:
D:6 (?:(   D:7 =*[[

Annotations:
D:7 Joseph
D:10 Erolcha
Lair:4 Urug


Innate Abilities, Weirdness & Mutations

You have a beak for a mouth.
You have claws for feet.
You can fly.


Message History

You feel somewhat more hungry.
Press: ? - help, v - describe, . - travel
Here: Urug, wielding a double sword of protection and wearing a scale mail The floor.
Unknown command.
Urug throws a javelin.
The javelin hits you!!
* * * LOW HITPOINT WARNING * * *
You see here a javelin.
There is an open door here.
u - 206 bolts (gained 1)
There is an open door here.
You see here a javelin.
There is an open door, spattered with blood here.
You reach down and close the door.
You start resting.
Urug throws a javelin.
The javelin hits you!!
* * * LOW HITPOINT WARNING * * *
You see here a javelin.
Urug throws a javelin.
The javelin hits you!!
You die...

.#.####### ###..# ##.
#...## #..## ###...#
##...## ## ###....(###
.....# #.##.#'P###.##
#...#####....(..##.). +
##...##P.#............
##.#......(.o........####
#.......@#.##.......##
#.......#####..+.P###
####.#.## ###...#
##.....### ##.###
#..PP##'#P# #....#
...........######..##
...........#.##.#P'###
............####.....# ##
........[...##......##..#


You could see Urug.

Vanquished Creatures
  Josephine (Lair:4)
  A hydra (Lair:3)
  Harold (D:10)
  2 black mambas (Lair:3)
  A hill giant (D:9)
  Pikel (D:8)
  Maurice (D:9)
  4 spiny frogs
  An ice devil (Lair:1)
  7 komodo dragons
  A troll (D:9)
  2 two-headed ogres (D:9)
  A slime creature (Lair:3)
  8 hippogriffs
  16 yaks
  5 wraiths (Lair:4)
  A wyvern (D:9)
  A vampire (D:10)
  2 basilisks
  Menkaure (D:5)
  5 water moccasins
  13 porcupines
  Duvessa (D:7)
  4 orc warriors
  3 slaves (D:8)
  3 sky beasts
  2 phantoms (D:4)
  A black bear (D:7)
  2 necrophages
  2 ice beasts
  5 ogres
  5 centaurs
  4 wolves
  4 crocodiles
  A big kobold (D:9)
  15 bullfrogs
  Dowan (D:7)
  A gnoll sergeant (D:8)
  5 scorpions
  4 killer bees (D:10)
  2 howler monkeys
  A centaur zombie (D:8)
  3 crimson imps
  A bullfrog zombie (D:4)
  A quasit (D:7)
  2 centaur skeletons
  5 hounds
  Crazy Yiuf (D:7)
  5 orc priests
  10 orc wizards
  5 iguanas
  7 worker ants
  3 hell rats (D:8)
  2 hound zombies
  A hound skeleton (D:6)
  12 gnolls
  6 adders
  A howler monkey skeleton (D:4)
  16 river rats
  A shadow imp (D:6)
  An ooze (D:3)
  2 adder skeletons
  4 worms
  2 dart slugs (D:3)
  6 leopard geckos
  31 orcs
  A giant cockroach (D:3)
  9 goblins
  8 hobgoblins
  17 jackals
  12 kobolds
  8 quokkas
  3 ball pythons
  5 bats
  4 frilled lizards
  A leopard gecko zombie (D:4)
  9 rats
347 creatures vanquished.

Vanquished Creatures (collateral kills)
  A spiny frog (Lair:3)
1 creature vanquished.

Vanquished Creatures (others)
  An iguana (Lair:1)
  A plant (Lair:4)
2 creatures vanquished.

Grand Total: 350 creatures vanquished

Notes
Turn   | Place    | Note
-------+----------+-------------------------------------------
     0 | D:1      | Ankalagon the Tengu Skald began the quest for the Orb.
     0 | D:1      | Reached XP level 1. HP: 12/12 MP: 4/4
    75 | D:1      | Reached XP level 2. HP: 17/17 MP: 6/6
   918 | D:1      | Reached XP level 3. HP: 18/21 MP: 7/7
  1663 | D:2      | Reached XP level 4. HP: 23/26 MP: 5/8
  2536 | D:3      | HP: 1/26 [orc priest/divine providence (13)]
  2876 | D:2      | Reached skill level 5 in Polearms
  2879 | D:2      | HP: 1/26 [orc wizard/puff of flame (9)]
  3013 | D:3      | Gained mutation: You can fly. [Tengu growth]
  3013 | D:3      | Reached XP level 5. HP: 24/31 MP: 9/9
  3569 | D:4      | Noticed a phantom
  4129 | D:4      | Reached XP level 6. HP: 16/37 MP: 0/10
  4277 | D:4      | Noticed a phantom
  4308 | D:4      | Killed a phantom
  4712 | D:4      | Reached XP level 7. HP: 41/41 MP: 5/11
  4797 | D:4      | Reached skill level 5 in Dodging
  5080 | D:5      | Entered Level 5 of the Dungeon
  5322 | D:4      | Found a burning altar of Makhleb.
  5322 | D:4      | Noticed a cacodemon
  5443 | D:5      | Noticed Menkaure
  5451 | D:5      | Killed Menkaure
  5676 | D:5      | Reached XP level 8. HP: 30/46 MP: 12/12
  5879 | D:5      | Learned a level 2 spell: Song of Slaying
  5882 | D:5      | Learned a level 2 spell: Shroud of Golubria
  5886 | D:5      | Learned a level 3 spell: Regeneration
  5996 | D:5      | Reached skill level 5 in Crossbows
  6417 | D:6      | Found Apuc's Magic Scroll Emporium.
  6422 | D:6      | Bought a scroll of remove curse for 30 gold pieces
  6433 | D:6      | Bought a scroll of blinking for 75 gold pieces
  6812 | D:6      | Found Puicouwn's Book Shop.
  6986 | D:6      | Found Aroeg's Weapon Shop.
  7005 | D:6      | Found a shimmering altar of Xom.
  7289 | D:6      | Reached XP level 9. HP: 47/50 MP: 10/13
  7307 | D:6      | Found a staircase to the Ecumenical Temple.
  7318 | Temple   | Entered the Ecumenical Temple
  7329 | Temple   | Became a worshipper of Warmaster Okawaru
  7422 | D:6      | Bought a +0 lajatang for 150 gold pieces
  7574 | D:6      | Found Imoxkif's Antique Weapon Shoppe.
  7681 | D:6      | Reached skill level 1 in Staves
  7716 | D:7      | Reached skill level 2 in Staves
  7864 | D:6      | Reached skill level 3 in Staves
  7952 | D:7      | Reached skill level 4 in Staves
  7957 | D:7      | Reached skill level 5 in Staves
  8005 | D:7      | Noticed Joseph
  8177 | D:7      | HP: 2/49 [Joseph/sling bullet (20)]
  8204 | D:7      | Found Qavuagient's General Store.
  8218 | D:7      | Reached skill level 6 in Staves
  8222 | D:7      | Reached * piety under Okawaru
  8391 | D:7      | Noticed Dowan
  8392 | D:7      | Noticed Duvessa
  8409 | D:7      | Killed Duvessa
  8409 | D:7      | Reached skill level 1 in Evocations
  8416 | D:7      | Killed Dowan
  8426 | D:7      | Found Mieff's Jewellery Boutique.
  8528 | D:7      | Found Moghetust's Armour Emporium.
  8612 | D:7      | Found a runed door.
  8617 | D:7      | Noticed Crazy Yiuf
  8630 | D:7      | Killed Crazy Yiuf
  8860 | D:7      | Reached skill level 1 in Invocations
  8879 | D:7      | Found Ycsured's Antique Armour Shop.
  9309 | D:8      | Reached XP level 10. HP: 55/56 MP: 14/14
  9331 | D:8      | Found a staircase to the Lair.
  9747 | D:8      | Noticed Pikel
  9842 | D:8      | Killed Pikel
  9878 | D:8      | Reached ** piety under Okawaru
 10611 | D:9      | Reached skill level 5 in Armour
 10854 | D:9      | Noticed a hill giant
 10969 | D:9      | Reached *** piety under Okawaru
 11277 | D:9      | Killed a hill giant
 11277 | D:9      | Reached XP level 11. HP: 43/60 MP: 12/15
 11293 | D:9      | Noticed Maurice
 11301 | D:9      | Killed Maurice
 11301 | D:9      | Reached skill level 7 in Staves
 11693 | D:9      | Reached **** piety under Okawaru
 11934 | D:9      | Got a scorched ring mail
 11946 | D:9      | Identified the cursed +0 ring mail of the Sun {Int+3} (You found it on level 9 of the Dungeon)
 11968 | D:9      | Found a hide-covered altar of Uskayaw.
 12147 | D:10     | Entered Level 10 of the Dungeon
 12163 | D:10     | Noticed Harold
 12177 | D:10     | Killed Harold
 12177 | D:10     | Reached skill level 5 in Fighting
 12177 | D:10     | Reached skill level 8 in Staves
 12246 | D:10     | Received a gift from Okawaru
 12303 | D:10     | Noticed Erolcha
 12579 | Lair:1   | Entered Level 1 of the Lair of Beasts
 12793 | Lair:1   | Found a frozen archway.
 12825 | IceCv    | Entered an ice cave
 12938 | IceCv    | Noticed Amnesiac's ghost (journeyman HaAs)
 13457 | Lair:1   | Reached skill level 9 in Staves
 13482 | Lair:1   | Reached ***** piety under Okawaru
 13482 | Lair:1   | Received a gift from Okawaru
 13519 | Lair:1   | Got a dazzling plate armour
 13566 | Lair:1   | Identified the +1 plate armour of Unambiguity {Str+7} (You found it on level 1 of the Lair of Beasts)
 13732 | Lair:1   | Reached skill level 10 in Staves
 14280 | Lair:2   | Reached XP level 12. HP: 59/69 MP: 16/16
 14373 | Lair:2   | Received a gift from Okawaru
 14385 | Lair:2   | HP: 3/70 [porcupine's spines (3)]
 14728 | Lair:2   | Reached skill level 11 in Staves
 15379 | Lair:3   | Reached skill level 12 in Staves
 15550 | Lair:3   | Found a staircase to the Swamp.
 15856 | Lair:3   | Was placed under penance by Okawaru
 15917 | Lair:3   | Noticed a seven-headed hydra
 15940 | Lair:3   | Killed a seven-headed hydra
 15940 | Lair:3   | Was forgiven by Okawaru
 15940 | Lair:3   | Reached skill level 13 in Staves
 16344 | Lair:3   | Received a gift from Okawaru
 16698 | Lair:4   | Found a hole to the Spider Nest.
 16702 | Lair:4   | Noticed Urug
 17011 | Lair:4   | Noticed Josephine
 17082 | Lair:4   | Killed Josephine
 17082 | Lair:4   | Received a gift from Okawaru
 17082 | Lair:4   | Reached skill level 14 in Staves
 17248 | Lair:4   | Hit by a javelin thrown by Urug

Vault maps used:
D:1:      dpeg_arrival_water_altar, hangedman_decor_slide_cut,
          grunt_decor_one_mirror, minmay_ruptured
D:3:      first_bread
D:4:      hangedman_feature_mirror, makhleb_altar_promises_db
D:5:      uniq_menkaure
D:6:      basic_altar, serial_shops, kennysheep_mini, shop, shop,
          nicolae_shop_behind_doors
D:7:      serial_shops, shop, nicolae_shop_temple_entry_statues_fountains,
          kennysheep_little_box, nicolae_shop_trees, david_defended_altar_orc,
          uniq_crazy_yiuf_cottage, uniq_joseph, uniq_duvessa
D:8:      dpeg_lair_monsters, uniq_pikel
D:9:      basic_altar, uniq_maurice
D:10:     orc_0_dummy, uniq_harold, uniq_erolcha, uniq_fannar
Temple:   grunt_wide_crystal_templ
Lair:1:   portal_ice_cave_entry_pillars_1, lemuel_fruit_tree,
          grunt_megastairs_2, lemuel_fruit_fields
Lair:2:   beast_lair_carwin_6
Lair:3:   swamp_mist, infiniplex_staircase_pool, grunt_megastairs_1,
          serial_bayou_shore_a
Lair:4:   dummy_spider_entry, special_room, eino_small_chamber_without_monster,
          serial_bayou_shore_b, uniq_urug, uniq_josephine
IceCv:    ice_cave_tombish

Skill      XL: |  1  2  3  4  5  6  7  8  9 10 11 12 |
---------------+-------------------------------------+-----
Polearms       | 3 4 5 6 |  6.4
Fighting       | 3 6 |  6.2
Dodging        | 4 5 |  5.0
Crossbows      | 4 9 |  9.6
Staves         | 6 10 14 | 14.2
Evocations     | 2 4 |  4.4
Invocations    | 1 3 4 |  4.4
Armour         | 8 |  8.0
Spellcasting   | |  2.0
Charms         | |  2.4

Action                   |  1- 3 |  4- 6 |  7- 9 | 10-12 || total
-------------------------+-------+-------+-------+-------++-------
Melee: Spear             |   139 |   202 |   104 |       ||   445
       Peck              |     8 |    21 |    42 |   130 ||   201
       Kick              |    24 |    43 |    60 |   176 ||   303
       Lajatang          |       |       |   123 |   625 ||   748
       Unarmed           |       |       |       |     7 ||     7
 Fire: Hand crossbow     |       |     3 |   151 |   132 ||   286
       Arbalest          |       |       |       |    87 ||    87
Throw: Tomahawk          |       |     8 |       |     6 ||    14
 Cast: Infusion          |     9 |    16 |     5 |     1 ||    31
       Song of Slaying   |       |       |       |     1 ||     1
Invok: Heroism           |       |       |       |    18 ||    18
 Abil: Fly               |       |     8 |    16 |    29 ||    53
Evoke: Wand              |       |       |     3 |    19 ||    22
       Staff of Olgreb   |       |       |       |     3 ||     3
  Use: Scroll            |     2 |    10 |    12 |    13 ||    37
       Potion            |       |     6 |     2 |     3 ||    11
 Stab: Sleeping          |       |       |     3 |       ||     3
       Paralysed         |       |       |       |     4 ||     4
       Betrayed ally     |       |       |       |     1 ||     1
  Eat: Chunk             |     3 |     8 |    14 |    13 ||    38
       Beef jerky        |       |     2 |       |       ||     2
       Fruit             |       |       |     3 |       ||     3
       Bread ration      |       |       |       |     4 ||     4
Armor: Leather armour    |    20 |    24 |    47 |     4 ||    95
       Skin              |       |     2 |       |     1 ||     3
       Ring mail         |       |       |       |   198 ||   198
Dodge: Dodged            |    57 |    95 |   243 |   470 ||   865
